 Dungeon Crawl Stone Soup version 0.23.2-33-g5129a83184 (webtiles) character file.

Game seed: 2118144006384829128

67 Revguard the Firebug (level 4, -5/42 HPs)
             Began as an Ogre Fire Elementalist on July 11, 2019.
             Slain by a gnoll
             ... wielding a +0 halberd
              (11 damage)
             ... on level 2 of the Dungeon.
             The game lasted 00:06:11 (1237 turns).

Revguard the Firebug (Ogre Fire Elementalist)       Turns: 1237, Time: 00:06:11

Health: -5/42      AC:  3    Str: 12    XL:     4   Next: 16%
Magic:  2/8        EV: 10    Int: 16    God:
Gold:   29         SH:  0    Dex: 10    Spells: 6/9 levels left

rFire    . . .     SeeInvis .   b - -3 mace (curse)
rCold    . . .     Gourm    .   (no shield)
rNeg     . . .     Faith    .   a - +0 robe
rPois    .         Spirit   .   (helmet restricted)
rElec    .         Reflect  .   (no cloak)
rCorr    .         Harm     .   (gloves unavailable)
MR       .....                  (boots unavailable)
Stlth    ++........             (no amulet)
HPRegen  0.14/turn              (no ring)
MPRegen  0.11/turn              (no ring)

@: no status effects
A: large, unfitting armour, tough skin 1
a: no special abilities


You were on level 2 of the Dungeon.
You were hungry.

You visited 1 branch of the dungeon, and saw 2 of its levels.

You collected 29 gold pieces.

Inventory:

Hand Weapons
 b - a cursed -3 mace (weapon)
 e - a +0 club
Armour
 a - a +0 robe (worn)
Scrolls
 f - a scroll of identify
Potions
 d - a potion of cancellation
Comestibles
 c - 8 rations
 g - a chunk of flesh


   Skills:
 * Level 1.9 Fighting
 + Level 0.2 Maces & Flails
 + Level 2.1 Dodging
 - Level 1.4 Stealth
 + Level 3.1 Spellcasting
 * Level 1.6 Conjurations
 + Level 3.2 Fire Magic


You had 6 spell levels left.
You knew the following spells:

 Your Spells              Type           Power        Failure   Level  Hunger
a - Flame Tongue          Conj/Fire      ##...        7%          1    None
b - Throw Flame           Conj/Fire      ##....       11%         2    ##.....

Your spell library contained the following spells:

 Spells                   Type           Power        Failure   Level  Hunger
 Conjure Flame            Conj/Fire      ##......     21%         3    ###....
 Inner Flame              Hex/Fire       #.......     28%         3    ###....
 Sticky Flame             Conj/Fire      ##......     56%         4    ####...
 Fireball                 Conj/Fire      ##........   88%         5    ######.


Dungeon Overview and Level Annotations

Branches:
Dungeon (2/15)

Altars:


Innate Abilities, Weirdness & Mutations

You are too large for most types of armour.
You have tough skin. (AC +1)


Message History

You see here a scroll labeled ZOAW VEVYEPODD.
A kobold comes into view. It is wielding a +0 whip.
The kobold shouts!
The kobold throws a stone.
The stone barely misses you.
Casting: Flame Tongue (safe; 7% risk of failure)
Confirm with . or Enter, or press ? or * to list all spells.
Aiming: Flame Tongue (safe; 7% risk of failure)
Press: ? - help, Shift-Dir - straight line, f - gnoll
Aim: a gnoll, wielding a +0 halberd The flame tongue hits the gnoll.
The gnoll is moderately wounded.
Casting: Flame Tongue (safe; 7% risk of failure)
Confirm with . or Enter, or press ? or * to list all spells.
Aiming: Flame Tongue (safe; 7% risk of failure)
Press: ? - help, Shift-Dir - straight line, f/p - gnoll
Aim: a gnoll, wielding a +0 halberd (moderately wounded)
The flame tongue hits the gnoll.
The gnoll is severely wounded.
The gnoll hits you from afar with a +0 halberd!
You die...

############# ...K.....g..#
#######.##..#######
#.....g.##.@.......
#.##..?.###.#######
#.##......5...#
#.#.....###.#.# #
##.#.....# #.#.# #.
#......5.# #.#[#
##.##[.#.....###)#.###
^........รท...##...<..####.
........##.#...>..........


You could see a gnoll and a crimson imp.

Vanquished Creatures
  3 gnolls (D:2)
  A worm (D:2)
  3 leopard geckos
  2 bats (D:2)
  4 goblins (D:1)
  5 hobgoblins (D:1)
  4 jackals (D:1)
  A ball python (D:1)
  A frilled lizard (D:1)
  2 kobolds (D:1)
  6 rats
32 creatures vanquished.

Notes
Turn   | Place    | Note
-------+----------+-------------------------------------------
     0 | D:1      | Revguard the Ogre Fire Elementalist began the quest for the
                  | Orb.
     0 | D:1      | Reached XP level 1. HP: 16/16 MP: 3/3
    53 | D:1      | Reached skill level 1 in Conjurations
   223 | D:1      | Reached XP level 2. HP: 26/26 MP: 0/5
   230 | D:1      | Learned a level 2 spell: Throw Flame
   308 | D:1      | Reached skill level 1 in Fighting
   752 | D:1      | Reached XP level 3. HP: 33/33 MP: 1/7
  1152 | D:2      | Reached XP level 4. HP: 22/42 MP: 0/8
  1213 | D:2      | HP: 2/42 [gnoll/+0 halberd (13)]
  1237 | D:2      | Slain by a gnoll

Skill      XL: |  1  2  3 |
---------------+----------+-----
Conjurations   | 1 |  1.6
Fighting       | 1 |  1.9
Dodging        | 2 |  2.1
Fire Magic     | 3 |  3.2
Spellcasting   | 3 |  3.1
Maces & Flails | |  0.2
Stealth        | |  1.4

Action                   |  1- 3 |  4- 6 || total
-------------------------+-------+-------++-------
Melee: Mace              |    36 |       ||    36
       Unarmed           |     6 |       ||     6
       Club              |     2 |       ||     2
 Cast: Flame Tongue      |    38 |     8 ||    46
       Throw Flame       |     6 |       ||     6
  Use: Scroll            |     1 |       ||     1
       Potion            |     1 |       ||     1
  Eat: Chunk             |     1 |       ||     1
Armor: Robe              |    18 |     1 ||    19
Dodge: Dodged            |    42 |     3 ||    45
